[Event "Kupreichik Memorial Rapid 2019"]
[Site "Minsk"]
[Date "2019.08.16"]
[Round "6.5"]
[White "Mustaps, Matiss"]
[Black "Agapov, Sergey"]
[Result "1-0"]
[ECO "B01"]
[WhiteElo "2381"]
[BlackElo "2265"]
[Annotator "NA"]
[PlyCount "53"]
[EventDate "2019.08.15"]
[EventType "swiss"]
[EventCountry "BLR"]
[SourceTitle "playchess.com"]
[Source "ChessBase"]
[SourceQuality "1"]
[TimeControl "900+10"]

1. e4 d5 2. exd5 Qxd5 3. Nc3 Qd6 4. d4 Nf6 5. Nf3 c6 6. Bc4 Bf5 7. Ne5 Bg6 8. h4 Nbd7 9. Bf4 Nxe5 10. Bxe5 Qb4 11. Bb3 e6 12. h5 Bf5 13. h6 Qe7 14. g4 Bxg4 15. Bxf6 gxf6 16. Qxg4 O-O-O 17. O-O-O Rg8 18. Qe4 Rg6 19. Kb1 Qc7 20. Rdg1 f5 21. Qe1 Rxh6 22. Rxh6 Bxh6 23. Bxe6+ Kb8 24. Bxf5 f6 25. Bd3 Bg5 26. Ne4 Bh4 27. Rh1 1-0

[Event "Kupreichik Memorial Rapid 2019"]
[Site "Minsk"]
[Date "2019.08.16"]
[Round "6.6"]
[White "Meshkov, Yuri A."]
[Black "Pogosian, Manvel"]
[Result "1-0"]
[ECO "B13"]
[WhiteElo "2336"]
[BlackElo "2383"]
[Annotator "NA"]
[PlyCount "149"]
[EventDate "2019.08.15"]
[EventType "swiss"]
[EventCountry "BLR"]
[SourceTitle "playchess.com"]
[Source "ChessBase"]
[SourceQuality "1"]
[TimeControl "900+10"]

1. e4 c6 2. d4 d5 3. exd5 cxd5 4. Bd3 Nc6 5. c3 Nf6 6. Bf4 g6 7. Nf3 Bf5 8. O-O Bxd3 9. Qxd3 Bg7 10. Nbd2 O-O 11. h3 Rc8 12. Rfe1 a6 13. a4 Nd7 14. Re2 Re8 15. Qb1 Qb6 16. Qa2 e6 17. g4 Na5 18. Rae1 Nc4 19. Nxc4 Rxc4 20. Nd2 Rcc8 21. Nb3 Qd8 22. Nc1 b5 23. Nd3 Qb6 24. Nb4 Rf8 25. axb5 axb5 26. Ra1 Rc4 27. Be3 f5 28. Qa7 Qxa7 29. Rxa7 Rf7 30. Kg2 Nf8 31. Rxf7 Kxf7 32. Nd3 Nd7 33. Re1 Bf8 34. Ra1 Ra4 35. Rc1 Bd6 36. Bf4 Be7 37. gxf5 gxf5 38. Kf3 Ra2 39. Be5 Nb6 40. Rg1 Bf8 41. Re1 Nc4 42. Re2 Bh6 43. Bf4 Bf8 44. b3 Rxe2 45. Kxe2 Na5 46. b4 Nc6 47. Bc7 Bh6 48. Bf4 Bf8 49. Ne1 Be7 50. Nc2 Kg6 51. Na3 Na7 52. Bb8 Nc6 53. Bc7 Na7 54. Bb6 Nc8 55. Bc5 Bxc5 56. bxc5 Na7 57. Nc2 f4 58. Nb4 Kf5 59. Kf3 e5 60. dxe5 Kxe5 61. Nd3+ Kf5 62. Nxf4 Ke5 63. Nd3+ Kf5 64. Nb4 Ke5 65. Ke3 h5 66. f4+ Ke6 67. Nc2 Kf6 68. Nd4 Ke7 69. Kf3 Kd7 70. f5 Nc8 71. f6 Ke8 72. Kf4 Kf7 73. Kf5 h4 74. Nxb5 Kf8 75. Ke6 1-0

[Event "Kupreichik Memorial Rapid 2019"]
[Site "Minsk"]
[Date "2019.08.16"]
[Round "6.7"]
[White "Smirnov, Valerij"]
[Black "Sychev, Klementy"]
[Result "0-1"]
[ECO "E10"]
[WhiteElo "2261"]
[BlackElo "2579"]
[Annotator "ChessBase"]
[PlyCount "88"]
[EventDate "2019.08.15"]
[EventType "swiss"]
[EventCountry "BLR"]
[SourceTitle "playchess.com"]
[Source "ChessBase"]
[SourceQuality "1"]
[TimeControl "900+10"]

1. d4 Nf6 2. c4 e6 3. Nf3 d5 4. e3 Be7 5. Nc3 O-O 6. Be2 dxc4 7. Bxc4 a6 8. O-O b5 9. Bb3 Bb7 10. Qe2 c5 11. Rd1 Qc7 12. Bd2 Nc6 13. Rac1 c4 14. Bc2 Rad8 15. Be1 Nb4 16. Bb1 Nbd5 17. Ne5 Bd6 18. f4 Nxc3 19. Bxc3 Qc8 20. b3 Ba3 21. Bb2 Bxb2 22. Qxb2 Nd5 23. Qf2 c3 24. f5 f6 25. Nd3 exf5 26. Nc5 g6 27. e4 fxe4 28. Bxe4 b4 29. Re1 Ba8 30. Rc2 Rde8 31. Rce2 Kg7 32. Qg3 Kh8 33. Qf3 Nc7 34. Bc6 Rxe2 35. Rxe2 Nb5 36. Ne6 Bxc6 37. d5 Bb7 38. Nxf8 Qxf8 39. Qe4 Nc7 40. Qe7 Qxe7 41. Rxe7 Nxd5 42. Rxb7 c2 43. Rb8+ Kg7 44. Rc8 Nc3 0-1

[Event "Kupreichik Memorial Rapid 2019"]
[Site "Minsk"]
[Date "2019.08.16"]
[Round "6.8"]
[White "Kuleshov, Konstantin"]
[Black "Vaganian, Rafael A"]
[Result "1/2-1/2"]
[ECO "D37"]
[WhiteElo "2076"]
[BlackElo "2514"]
[Annotator "RC"]
[PlyCount "61"]
[EventDate "2019.08.15"]
[EventType "swiss"]
[EventCountry "BLR"]
[SourceTitle "playchess.com"]
[Source "ChessBase"]
[SourceQuality "1"]
[TimeControl "900+10"]

1. d4 d5 2. c4 e6 3. Nc3 Be7 4. Nf3 Nf6 5. Bf4 O-O 6. e3 Nbd7 7. Be2 c5 8. O-O cxd4 9. exd4 dxc4 10. Bxc4 Nb6 11. Bd3 Nbd5 12. Be5 b6 13. Qe2 Bb7 14. Rad1 Rc8 15. Nxd5 Nxd5 16. Qe4 f5 17. Qe2 Bf6 18. a3 Re8 19. Bb5 Bc6 20. Ba6 Ra8 21. Rc1 Qd7 22. Rc2 Ba4 23. Rcc1 Re7 24. h3 Bxe5 25. Nxe5 Qd6 26. Nc4 Qd8 27. Qe5 Bb3 28. Nd2 Ba4 29. Nc4 Bb3 30. Nd2 Ba4 31. Nc4 1/2-1/2

[Event "Kupreichik Memorial Rapid 2019"]
[Site "Minsk"]
[Date "2019.08.16"]
[Round "6.9"]
[White "Mikhailovsky, Vladimir"]
[Black "Lazavik, Denis"]
[Result "1/2-1/2"]
[ECO "C49"]
[WhiteElo "2209"]
[BlackElo "2347"]
[Annotator "NA"]
[PlyCount "163"]
[EventDate "2019.08.15"]
[EventType "swiss"]
[EventCountry "BLR"]
[SourceTitle "playchess.com"]
[Source "ChessBase"]
[SourceQuality "1"]
[TimeControl "900+10"]

1. e4 e5 2. Nf3 Nc6 3. Nc3 Nf6 4. Bb5 Bb4 5. O-O O-O 6. d3 d6 7. Bxc6 bxc6 8. Ne2 h6 9. Ng3 Bc5 10. Qe2 Bb6 11. h3 Nh7 12. a4 a5 13. Nf5 Bxf5 14. exf5 Qd7 15. g4 Rae8 16. Kg2 d5 17. Nd2 Kh8 18. Nb3 c5 19. Bd2 e4 20. Nxa5 Ra8 21. Nb3 exd3 22. cxd3 Rxa4 23. Qf3 Rxa1 24. Rxa1 c4 25. Nc1 Bd4 26. Ra5 Nf6 27. dxc4 dxc4 28. Bc3 Bxc3 29. bxc3 Re8 30. Ne2 Qd3 31. Nf4 Qd6 32. Nd5 Ne4 33. Ne3 Qd3 34. Nd5 c6 35. Nb4 Qxf3+ 36. Kxf3 Nxc3 37. Rc5 Ne4 38. Rxc6 Nd2+ 39. Kg3 Rd8 40. Rc7 Ne4+ 41. Kf3 Ng5+ 42. Kg2 Rd4 43. Nc6 Rd2 44. Ne5 c3 45. Rc8+ Kh7 46. h4 Ne4 47. Kf3 Nd6 48. Rxc3 Rd5 49. Nc6 h5 50. Ne7 hxg4+ 51. Kxg4 Re5 52. Re3 Re4+ 53. Rxe4 Nxe4 54. f3 Nf6+ 55. Kg5 Nd7 56. Nc6 f6+ 57. Kh5 Nc5 58. Nd4 Nd3 59. Ne6 Ne5 60. f4 Nd7 61. Kg4 Nb6 62. Kf3 Nd5 63. Ke4 Ne7 64. Nf8+ Kh6 65. Ne6 Kh7 66. Nc7 Kh6 67. Ne8 Kh7 68. Nd6 Kh6 69. Ne8 Kh7 70. Nd6 Kh6 71. Kf3 Kh5 72. Kg3 Kh6 73. Kg4 Nd5 74. Kf3 Ne7 75. Kg4 Nd5 76. Nf7+ Kh7 77. Kf3 Ne7 78. Ke4 Kg8 79. Nd6 Kh7 80. Nf7 Kg8 81. Nd8 Kh7 82. Nf7 1/2-1/2

[Event "Kupreichik Memorial Rapid 2019"]
[Site "Minsk"]
[Date "2019.08.16"]
[Round "6.10"]
[White "Zarubitski, Viachaslau"]
[Black "Barskij, Vladimir"]
[Result "1-0"]
[ECO "B81"]
[WhiteElo "2426"]
[BlackElo "2389"]
[Annotator "NA"]
[PlyCount "73"]
[EventDate "2019.08.15"]
[EventType "swiss"]
[EventCountry "BLR"]
[SourceTitle "playchess.com"]
[Source "ChessBase"]
[SourceQuality "1"]
[TimeControl "900+10"]

1. e4 c5 2. Nf3 e6 3. d4 cxd4 4. Nxd4 Nf6 5. Nc3 d6 6. g4 h6 7. h4 Nc6 8. Rg1 h5 9. gxh5 Nxh5 10. Bg5 Nf6 11. Qd2 Qb6 12. Nb3 a6 13. O-O-O Qc7 14. Kb1 Bd7 15. Be2 O-O-O 16. h5 Be7 17. Be3 Ne5 18. f4 Nc4 19. Bxc4 Qxc4 20. Rxg7 Be8 21. Bb6 Rd7 22. Qe3 Bd8 23. Bxd8 Rxd8 24. e5 Nxh5 25. Rg5 Qxf4 26. Qb6 Bc6 27. exd6 Rxd6 28. Rxd6 Qxd6 29. a4 Nf6 30. Qf2 Rh1+ 31. Ka2 Rh6 32. Na5 Nd5 33. Qxf7 Nxc3+ 34. bxc3 Kb8 35. Nxc6+ Qxc6 36. Rg8+ Ka7 37. Qf2+ 1-0

[Event "Kupreichik Memorial Rapid 2019"]
[Site "Minsk"]
[Date "2019.08.16"]
[Round "6.11"]
[White "Paravyan, David"]
[Black "Kalinin, Dmitry"]
[Result "1-0"]
[ECO "C10"]
[WhiteElo "2605"]
[BlackElo "2119"]
[Annotator "ChessBase"]
[PlyCount "123"]
[EventDate "2019.08.15"]
[EventType "swiss"]
[EventCountry "BLR"]
[SourceTitle "playchess.com"]
[Source "ChessBase"]
[SourceQuality "1"]
[TimeControl "900+10"]

1. e4 e6 2. d4 d5 3. Nc3 dxe4 4. Nxe4 Nd7 5. c3 Ngf6 6. Bd3 Nxe4 7. Bxe4 Nf6 8. Bc2 c5 9. Nf3 cxd4 10. Nxd4 Be7 11. O-O O-O 12. Re1 Qc7 13. Qf3 Rd8 14. Bf4 Qb6 15. Bb3 Bd7 16. Nf5 Bf8 17. Nh6+ gxh6 18. Be3 Qa5 19. Qxf6 Bg7 20. Qh4 Qf5 21. Rad1 Bf6 22. Qf4 Qxf4 23. Bxf4 Bc6 24. Bxh6 Bg7 25. Be3 Re8 26. f4 Bf6 27. Bd4 Kg7 28. Re3 Bxd4 29. Rxd4 Kf6 30. Rh3 Rg8 31. g3 Rg7 32. Rh6+ Ke7 33. Kf2 Rh8 34. Bc2 f5 35. Bb3 Rg6 36. Rh5 h6 37. a4 Rc8 38. Bc2 Rf6 39. Rh4 Rg8 40. Ke3 Rc8 41. a5 Bd5 42. Kd2 Rc5 43. b4 Rc8 44. g4 fxg4 45. Rxg4 Bc6 46. Bd3 a6 47. c4 Rcf8 48. Ke3 h5 49. Rg5 h4 50. Rh5 Rg8 51. Rxh4 e5 52. Rh7+ Ke8 53. fxe5 Rf3+ 54. Kd2 Rg2+ 55. Kc3 Ba4 56. b5 axb5 57. cxb5 Bxb5 58. Rxb7 Ba4 59. Rb8+ Ke7 60. Rxa4 Rxh2 61. a6 Rhh3 62. Rd4 1-0

[Event "Kupreichik Memorial Rapid 2019"]
[Site "Minsk"]
[Date "2019.08.16"]
[Round "6.12"]
[White "Teterev, Vitaly"]
[Black "Kharin, Mikhail"]
[Result "1-0"]
[ECO "C42"]
[WhiteElo "2474"]
[BlackElo "2156"]
[Annotator "ChessBase"]
[PlyCount "85"]
[EventDate "2019.08.15"]
[EventType "swiss"]
[EventCountry "BLR"]
[SourceTitle "playchess.com"]
[Source "ChessBase"]
[SourceQuality "1"]
[TimeControl "900+10"]

1. e4 e5 2. Nf3 Nf6 3. d3 Nc6 4. c3 d5 5. Nbd2 Be7 6. Be2 O-O 7. O-O Re8 8. b4 a6 9. Bb2 h6 10. Re1 Be6 11. Bf1 dxe4 12. dxe4 Bf8 13. a4 Bg4 14. Qc2 Qe7 15. h3 Bh5 16. Nh4 Nd7 17. Nf5 Qf6 18. Nc4 Bg6 19. Nce3 Ne7 20. Rad1 Rad8 21. Nxe7+ Qxe7 22. a5 Nf6 23. f3 Rxd1 24. Rxd1 Rd8 25. Bc1 Rxd1 26. Qxd1 Qd6 27. Qb3 c6 28. Nc4 Qe6 29. Qb2 Be7 30. Qf2 c5 31. bxc5 Nd7 32. Ba3 Qc6 33. Nd6 Kh7 34. Bb4 f6 35. Kh2 Qc7 36. Qe3 Nb8 37. Qd3 Nc6 38. Qd5 Bxd6 39. cxd6 Qd7 40. Bc4 Be8 41. Qg8+ Kg6 42. Be6 Bf7 43. Bf5+ 1-0

[Event "Kupreichik Memorial Rapid 2019"]
[Site "Minsk"]
[Date "2019.08.16"]
[Round "6.13"]
[White "Siniauski, Artsiom"]
[Black "Balashov, Yuri S"]
[Result "1/2-1/2"]
[ECO "C95"]
[WhiteElo "2142"]
[BlackElo "2474"]
[Annotator "ChessBase"]
[PlyCount "154"]
[EventDate "2019.08.15"]
[EventType "swiss"]
[EventCountry "BLR"]
[SourceTitle "playchess.com"]
[Source "ChessBase"]
[SourceQuality "1"]
[TimeControl "900+10"]

1. e4 e5 2. Nf3 Nc6 3. Bb5 a6 4. Ba4 Nf6 5. O-O Be7 6. Re1 b5 7. Bb3 O-O 8. h3 d6 9. c3 Nb8 10. d4 Nbd7 11. Nbd2 c5 12. Bc2 Re8 13. b3 Bf8 14. Bb2 Bb7 15. a4 cxd4 16. cxd4 bxa4 17. bxa4 exd4 18. Bxd4 Nc5 19. Bxc5 dxc5 20. e5 Nd5 21. Bxh7+ Kxh7 22. Qb1+ Kg8 23. Qxb7 Re6 24. Qb1 Rb8 25. Qe4 Rb4 26. Qd3 Rg6 27. g3 Be7 28. Re4 Qd7 29. Nc4 Nb6 30. Qxd7 Nxd7 31. Nfd2 f6 32. exf6 Bxf6 33. Re8+ Kh7 34. Ra3 Bd4 35. Kg2 Nf6 36. Re6 Nd5 37. Rxg6 Kxg6 38. Kf3 Nc3 39. a5 Nd1 40. Ne3 Nc3 41. h4 Rb8 42. g4 Rf8+ 43. Nf5 Kh7 44. h5 Nd5 45. Rb3 Ne7 46. Ke4 Nxf5 47. gxf5 Re8+ 48. Kf4 Bxf2 49. Nc4 Rd8 50. Kf3 Be1 51. Rb7 Bc3 52. Ra7 Rd5 53. Ne3 Rd3 54. Ke2 Rd2+ 55. Kf3 Bd4 56. Ng4 c4 57. Rc7 c3 58. f6 Rd1 59. f7 Rf1+ 60. Ke2 Rf4 61. Kd3 Bf2 62. Nxf2 Rxf2 63. Kxc3 Kh6 64. Kd4 Kxh5 65. Ke3 Rf1 66. Ke4 g5 67. Ke5 Kg6 68. Rc6+ Kxf7 69. Rxa6 g4 70. Ra7+ Kg6 71. Ra6+ Kg5 72. Ra8 Re1+ 73. Kd6 g3 74. a6 Ra1 75. a7 g2 76. Rg8+ Kf4 77. Rxg2 Rxa7 {Ke5+ Kxe5} 1/2-1/2

[Event "Kupreichik Memorial Rapid 2019"]
[Site "Minsk"]
[Date "2019.08.16"]
[Round "6.14"]
[White "Zhukovskij, Viktor"]
[Black "Veremeichik, Vladimir"]
[Result "0-1"]
[ECO "B31"]
[WhiteElo "2028"]
[BlackElo "2282"]
[Annotator "NA"]
[PlyCount "80"]
[EventDate "2019.08.15"]
[EventType "swiss"]
[EventCountry "BLR"]
[SourceTitle "playchess.com"]
[Source "ChessBase"]
[SourceQuality "1"]
[TimeControl "900+10"]

1. e4 c5 2. Nf3 Nc6 3. Bb5 g6 4. Bxc6 dxc6 5. d3 Qc7 6. h3 e5 7. Be3 b6 8. Nbd2 f6 9. a4 a5 10. Nc4 Be6 11. Nfd2 h5 12. c3 Rb8 13. O-O g5 14. d4 cxd4 15. cxd4 exd4 16. Bxd4 c5 17. Bc3 Rh6 18. Qe2 Kf7 19. e5 f5 20. Nd6+ Kg6 21. Nf3 Be7 22. h4 g4 23. Ng5 Bxg5 24. hxg5 Rh7 25. Rad1 Rd7 26. Nb5 Qc6 27. Rd6 Rxd6 28. exd6 Qe4 29. Re1 Qxe2 30. Rxe2 Bc4 31. Rd2 Rd8 32. Nc7 Kxg5 33. d7 Nf6 34. Rd6 Ne4 35. Bd2+ f4 36. Ne6+ Bxe6 37. Rxe6 Nxd2 38. Re7 Kf6 39. Rh7 Nc4 40. Kf1 Ke6 0-1

[Event "Kupreichik Memorial Rapid 2019"]
[Site "Minsk"]
[Date "2019.08.16"]
[Round "6.15"]
[White "Sarbay, Aleksandr"]
[Black "Pakhomov, Alexey"]
[Result "0-1"]
[ECO "B01"]
[WhiteElo "2115"]
[BlackElo "2315"]
[Annotator "NA"]
[PlyCount "78"]
[EventDate "2019.08.15"]
[EventType "swiss"]
[EventCountry "BLR"]
[SourceTitle "playchess.com"]
[Source "ChessBase"]
[SourceQuality "1"]
[TimeControl "900+10"]

1. e4 d5 2. exd5 Qxd5 3. Nc3 Qd6 4. d4 a6 5. Bc4 Nf6 6. Nge2 b5 7. Bb3 Bb7 8. Bf4 Qd8 9. d5 c5 10. dxc6 Nxc6 11. O-O e6 12. Qxd8+ Rxd8 13. Rad1 Rc8 14. Bg5 Be7 15. Bxf6 gxf6 16. Ne4 Rd8 17. c3 f5 18. N4g3 O-O 19. Nf4 Bc8 20. a4 Na5 21. Bc2 b4 22. cxb4 Bxb4 23. Nd3 Bd6 24. b4 Nc6 25. b5 Nd4 26. Bb1 axb5 27. axb5 Nxb5 28. Nh5 Nc3 29. Rd2 Ba6 30. Bc2 Be7 31. Ra1 Bb5 32. Ra7 Ra8 33. Rxa8 Rxa8 34. f3 Bg5 35. f4 Bd8 36. h3 Bb6+ 37. Kh2 Be3 38. Rf2 Bxf2 39. Nxf2 Ra2 0-1

[Event "Kupreichik Memorial Rapid 2019"]
[Site "Minsk"]
[Date "2019.08.16"]
[Round "6.16"]
[White "Kochetkov, Vitali"]
[Black "Kiryliuk, Ilya"]
[Result "1/2-1/2"]
[ECO "E06"]
[WhiteElo "2266"]
[BlackElo "1948"]
[Annotator "NA"]
[PlyCount "56"]
[EventDate "2019.08.15"]
[EventType "swiss"]
[EventCountry "BLR"]
[SourceTitle "playchess.com"]
[Source "ChessBase"]
[SourceQuality "1"]
[TimeControl "900+10"]

1. d4 Nf6 2. Nf3 d5 3. c4 e6 4. g3 Be7 5. Bg2 O-O 6. O-O dxc4 7. Qa4 Bd7 8. Qxc4 Bc6 9. Nc3 Nbd7 10. Rd1 Nb6 11. Qd3 Na4 12. Nxa4 Bxa4 13. b3 Bc6 14. Bg5 Be4 15. Qe3 Qd5 16. Bxf6 Bxf6 17. Rac1 Bxf3 18. Bxf3 Qa5 19. Qc3 Qxc3 20. Rxc3 c6 21. e3 a5 22. Rc4 Rfd8 23. Rdc1 g6 24. h4 h5 25. Rc5 Be7 26. R5c4 Kg7 27. Kg2 Kf6 28. R1c2 Bb4 1/2-1/2

[Event "Kupreichik Memorial Rapid 2019"]
[Site "Minsk"]
[Date "2019.08.16"]
[Round "6.17"]
[White "Romanovskij, Nikita"]
[Black "Maryasin, Boris"]
[Result "0-1"]
[ECO "D25"]
[WhiteElo "1869"]
[BlackElo "2302"]
[Annotator "NA"]
[PlyCount "86"]
[EventDate "2019.08.15"]
[EventType "swiss"]
[EventCountry "BLR"]
[SourceTitle "playchess.com"]
[Source "ChessBase"]
[SourceQuality "1"]
[TimeControl "900+10"]

1. d4 d5 2. c4 dxc4 3. Nf3 Nf6 4. e3 b5 5. a4 b4 6. Bxc4 e6 7. O-O Bb7 8. Qe2 Be7 9. a5 O-O 10. Nbd2 c5 11. dxc5 Nbd7 12. a6 Bxf3 13. Nxf3 Nxc5 14. Rd1 Qb6 15. b3 Nfe4 16. Bb2 Bf6 17. Bxf6 Nxf6 18. Rd4 Rad8 19. Rad1 Rxd4 20. Rxd4 Nfe4 21. Qc2 Nc3 22. Rh4 g6 23. Qd2 Nxa6 24. Bxa6 Qxa6 25. Rxb4 Nd5 26. Rc4 Rb8 27. Qd1 Rxb3 28. Rc1 Qd3 29. Qxd3 Rxd3 30. Ra1 Nc3 31. Kf1 Rd1+ 32. Rxd1 Nxd1 33. Ke2 Nc3+ 34. Kd3 Nd5 35. Kc4 Kg7 36. Nd4 a5 37. e4 Nf4 38. g3 Nh3 39. f4 g5 40. fxg5 Nxg5 41. e5 Kg6 42. g4 Ne4 43. Ne2 Kg5 0-1

[Event "Kupreichik Memorial Rapid 2019"]
[Site "Minsk"]
[Date "2019.08.16"]
[Round "6.18"]
[White "Kochetkov, German"]
[Black "Tyurin, Artem"]
[Result "1-0"]
[ECO "A03"]
[WhiteElo "2277"]
[BlackElo "2057"]
[Annotator "NA"]
[PlyCount "73"]
[EventDate "2019.08.15"]
[EventType "swiss"]
[EventCountry "BLR"]
[SourceTitle "playchess.com"]
[Source "ChessBase"]
[SourceQuality "1"]
[TimeControl "900+10"]

1. f4 d5 2. Nf3 Nf6 3. g3 c5 4. Bg2 Nc6 5. O-O e6 6. d3 Be7 7. Nc3 d4 8. Nb5 O-O 9. c4 a6 10. Na3 Qc7 11. Nc2 b6 12. a3 Bb7 13. Rb1 b5 14. b3 Rad8 15. Bd2 Rfe8 16. Qe1 Nd7 17. e4 dxe3 18. Bxe3 Bf6 19. Qf2 e5 20. Nd2 Nd4 21. Bxd4 cxd4 22. Bxb7 Qxb7 23. Ne4 exf4 24. Nd6 fxg3 25. hxg3 Qb6 26. Nxe8 Rxe8 27. Nb4 Qd6 28. Rbe1 Rf8 29. Kg2 a5 30. Nd5 Qxa3 31. Qf5 Qd6 32. Nxf6+ Nxf6 33. Qxb5 Ng4 34. Rf4 Ne3+ 35. Kf3 Rb8 36. Rxd4 Qc7 37. Rxe3 1-0

[Event "Kupreichik Memorial Rapid 2019"]
[Site "Minsk"]
[Date "2019.08.16"]
[Round "6.19"]
[White "Svjatocho, Andrej"]
[Black "Tsaruk, Maksim"]
[Result "0-1"]
[ECO "C45"]
[WhiteElo "1995"]
[BlackElo "2230"]
[Annotator "NA"]
[PlyCount "44"]
[EventDate "2019.08.15"]
[EventType "swiss"]
[EventCountry "BLR"]
[SourceTitle "playchess.com"]
[Source "ChessBase"]
[SourceQuality "1"]
[TimeControl "900+10"]

1. e4 e5 2. Nf3 Nc6 3. d4 exd4 4. Nxd4 Bc5 5. Nxc6 Qf6 6. Qd2 bxc6 7. Nc3 Rb8 8. Bd3 Ne7 9. O-O O-O 10. Kh1 Bd4 11. Nd1 d5 12. exd5 cxd5 13. c3 Be5 14. b3 h6 15. f4 Bd6 16. Bb2 c5 17. Ba3 Ng6 18. Bxg6 Qxg6 19. Qxd5 Bb7 20. Qd2 Rbd8 21. Qf2 Bxf4 22. Bxc5 Rd2 0-1

[Event "Kupreichik Memorial Rapid 2019"]
[Site "Minsk"]
[Date "2019.08.16"]
[Round "6.20"]
[White "Leinov, Roman"]
[Black "Oblamski, Vladimir"]
[Result "0-1"]
[ECO "D02"]
[WhiteElo "2189"]
[BlackElo "2088"]
[Annotator "NA"]
[PlyCount "42"]
[EventDate "2019.08.15"]
[EventType "swiss"]
[EventCountry "BLR"]
[SourceTitle "playchess.com"]
[Source "ChessBase"]
[SourceQuality "1"]
[TimeControl "900+10"]

1. d4 d5 2. Nf3 e6 3. g3 Nf6 4. Bg2 Be7 5. O-O O-O 6. c4 dxc4 7. Na3 Bxa3 8. bxa3 b5 9. Ne5 Nd5 10. e4 Nb6 11. d5 exd5 12. exd5 Bb7 13. Nc6 Qf6 14. Bf4 Nxc6 15. dxc6 Bxc6 16. Bh3 Nd5 17. Bd2 Rad8 18. Qc1 h6 19. Ba5 Qf3 20. Bg2 Qxg2+ 21. Kxg2 Nf4+ 0-1

[Event "Kupreichik Memorial Rapid 2019"]
[Site "Minsk"]
[Date "2019.08.16"]
[Round "6.21"]
[White "Khrapko, Marharyta"]
[Black "Kameko, Aleksandr"]
[Result "1/2-1/2"]
[ECO "B74"]
[WhiteElo "2073"]
[BlackElo "2045"]
[Annotator "NA"]
[PlyCount "139"]
[EventDate "2019.08.15"]
[EventType "swiss"]
[EventCountry "BLR"]
[SourceTitle "playchess.com"]
[Source "ChessBase"]
[SourceQuality "1"]
[TimeControl "900+10"]

1. e4 c5 2. Nf3 Nc6 3. d4 cxd4 4. Nxd4 Nf6 5. Nc3 d6 6. Be2 g6 7. Be3 Bg7 8. O-O O-O 9. Nb3 Be6 10. f4 Rc8 11. Bf3 Nd7 12. Qd2 Nb6 13. Be2 Nc4 14. Bxc4 Bxc4 15. Rf2 a5 16. Nd4 Ba6 17. Re1 a4 18. Nxc6 Rxc6 19. Nxa4 Rc4 20. Bb6 Qc8 21. b3 Rxa4 22. bxa4 Bc3 23. Qd1 Bxe1 24. Qxe1 Qc4 25. f5 Qxa4 26. fxg6 hxg6 27. h4 Rc8 28. e5 Qxh4 29. exd6 exd6 30. Qe3 Bb5 31. Bd4 Re8 32. Qd2 Qe4 33. Bf6 Qe1+ 34. Qxe1 Rxe1+ 35. Kh2 Kf8 36. g4 Ke8 37. g5 Bc4 38. a3 Kd7 39. Rd2 Kc6 40. Kg3 Re3+ 41. Kf4 Rxa3 42. Be7 Bd5 43. Rd4 Rf3+ 44. Kg4 Rc3 45. Rd2 b5 46. Bf6 Be6+ 47. Kf4 Rc4+ 48. Ke3 b4 49. Rd4 Rc3+ 50. Kd2 Rc4 51. Rxc4+ Bxc4 52. Be7 Kd5 53. Bf8 Bb5 54. Be7 Bd7 55. Bf8 Bf5 56. Be7 Kc5 57. Bf8 Kd5 58. Be7 Ke6 59. Bf8 Be4 60. Kc1 Bd5 61. Kd2 Bc4 62. Kd1 b3 63. cxb3 Bxb3+ 64. Kd2 Ba4 65. Ke3 Bc6 66. Kd4 Bb7 67. Bg7 f5 68. gxf6 g5 69. Bf8 g4 70. f7 {[%emt 0:00:08] Ke5+ Ke4+} 1/2-1/2

[Event "Kupreichik Memorial Rapid 2019"]
[Site "Minsk"]
[Date "2019.08.16"]
[Round "6.22"]
[White "Zverev, Lev"]
[Black "Vashchilov, Sergey"]
[Result "0-1"]
[ECO "C15"]
[WhiteElo "1881"]
[BlackElo "2162"]
[Annotator "NA"]
[PlyCount "45"]
[EventDate "2019.08.15"]
[EventType "swiss"]
[EventCountry "BLR"]
[SourceTitle "playchess.com"]
[Source "ChessBase"]
[SourceQuality "1"]
[TimeControl "900+10"]

1. e4 e6 2. d4 d5 3. Nc3 Bb4 4. a3 Bxc3+ 5. bxc3 dxe4 6. Qg4 Nf6 7. Qxg7 Rg8 8. Qh6 Rg6 9. Qe3 Nc6 10. Ne2 Ne7 11. c4 Nf5 12. Qc3 b6 13. g3 Bb7 14. Bg2 Nh4 15. gxh4 Rxg2 16. Be3 Ng4 17. O-O-O Qxh4 18. Rdf1 O-O-O 19. Rfg1 Nxe3 20. Qxe3 Qxf2 21. Kd2 Rxd4+ 22. Qxd4 Qxd4+ 23. Ke1 0-1

[Event "Kupreichik Memorial Rapid 2019"]
[Site "Minsk"]
[Date "2019.08.16"]
[Round "6.23"]
[White "Kolosovskaya, Olga"]
[Black "Naumovich, Yaroslav"]
[Result "0-1"]
[ECO "E06"]
[WhiteElo "1719"]
[BlackElo "1868"]
[Annotator "NA"]
[PlyCount "150"]
[EventDate "2019.08.15"]
[EventType "swiss"]
[EventCountry "BLR"]
[SourceTitle "playchess.com"]
[Source "ChessBase"]
[SourceQuality "1"]
[TimeControl "900+10"]

1. d4 Nf6 2. c4 e6 3. g3 d5 4. Nf3 Be7 5. Bg2 O-O 6. O-O b6 7. Nc3 Bb7 8. Ne5 Nbd7 9. Qa4 c5 10. Nxd7 Nxd7 11. cxd5 cxd4 12. Qxd4 Bf6 13. Qd1 Bxc3 14. bxc3 Bxd5 15. Bxd5 exd5 16. Qxd5 Rc8 17. Rd1 Nc5 18. Qxd8 Rfxd8 19. Rxd8+ Rxd8 20. Be3 Ne4 21. Bd4 Nd2 22. Rd1 Nc4 23. Kf1 f6 24. e3 Kf7 25. Ke2 Ke6 26. Rb1 Rc8 27. Rb4 Nd6 28. Kd3 Rc7 29. f3 g6 30. Rb1 Rd7 31. Ra1 Nb7 32. Ke2 Rc7 33. h4 Rc8 34. g4 Nd6 35. g5 f5 36. Rh1 Rc4 37. Kd3 Ra4 38. Rh2 Nf7 39. Rb2 Nd6 40. Re2 Ra5 41. e4 f4 42. Rb2 Ra4 43. Rc2 Nc4 44. Rh2 Nd6 45. Rg2 Ra5 46. Rh2 Nf7 47. Rb2 Nd6 48. Bg1 Ra4 49. Bd4 Ra5 50. Rh2 Nf7 51. Kc4 Nd6+ 52. Kb3 Rb5+ 53. Kc2 Nc4 54. Kc1 Ra5 55. Kb1 Rb5+ 56. Ka1 a5 57. Rc2 a4 58. Bf2 a3 59. Bd4 Ra5 60. Rc1 Nd2 61. Bxb6 Rb5 62. Bc7 Nxf3 63. Bxf4 Nxh4 64. c4 Rc5 65. Rc3 Ng2 66. Bg3 Rxg5 67. Rxa3 h5 68. Ra6+ Kd7 69. Bh4 Nxh4 70. Kb2 Nf3 71. Kc3 h4 72. Ra7+ Kd6 73. Rh7 Rh5 74. Rg7 Rh6 75. Rf7 h3 0-1

[Event "Kupreichik Memorial Rapid 2019"]
[Site "Minsk"]
[Date "2019.08.16"]
[Round "6.24"]
[White "Arlou, Valery"]
[Black "Shaban, Alena"]
[Result "0-1"]
[ECO "D02"]
[WhiteElo "1759"]
[BlackElo "2030"]
[Annotator "NA"]
[PlyCount "95"]
[EventDate "2019.08.15"]
[EventType "swiss"]
[EventCountry "BLR"]
[SourceTitle "playchess.com"]
[Source "ChessBase"]
[SourceQuality "1"]
[TimeControl "900+10"]

1. d4 d5 2. Nf3 Nf6 3. Bf4 c5 4. e3 Qb6 5. Nbd2 Nc6 6. dxc5 Qxc5 7. Be2 Bf5 8. c3 e6 9. O-O Be7 10. Nd4 Bg6 11. N2f3 O-O 12. Ne5 Nxe5 13. Bxe5 Qb6 14. Qb3 Nd7 15. Qxb6 Nxb6 16. Nf3 Nc4 17. Bxc4 dxc4 18. Rfd1 Rfd8 19. Bc7 Rxd1+ 20. Rxd1 f6 21. Rd4 b5 22. Rd7 Bf8 23. Bg3 e5 24. Nh4 Be8 25. Rd1 a5 26. f4 Bh5 27. Rd5 exf4 28. exf4 Be8 29. Bf2 Bc6 30. Rd2 Be4 31. Rd4 Bb1 32. a3 Bd3 33. Nf3 Bg6 34. Rd5 Be8 35. Nd4 b4 36. axb4 axb4 37. h3 bxc3 38. bxc3 Ra1+ 39. Kh2 Rc1 40. Rd8 Kf7 41. Nf5 Rxc3 42. Nd6+ Bxd6 43. Rxd6 Rc2 44. Be3 c3 45. Rb6 Rb2 46. Rb7+ Kg6 47. Ra7 Bc6 48. f5+ {[%emt 0:00:00] Kh6 Kg1+ g5 Kf2 Rb1 Rf7 c2 Bc1 Rb6} 0-1

[Event "Kupreichik Memorial Rapid 2019"]
[Site "Minsk"]
[Date "2019.08.16"]
[Round "6.26"]
[White "Mochalov, Evgeny V"]
[Black "Kasperovich, Mikhail"]
[Result "1-0"]
[ECO "A50"]
[WhiteElo "2374"]
[BlackElo "1324"]
[Annotator "NA"]
[PlyCount "41"]
[EventDate "2019.08.15"]
[EventType "swiss"]
[EventCountry "BLR"]
[SourceTitle "playchess.com"]
[Source "ChessBase"]
[SourceQuality "1"]
[TimeControl "900+10"]

1. d4 Nf6 2. c4 d5 3. cxd5 Qxd5 4. Nc3 Qd8 5. e4 e6 6. Nf3 c5 7. d5 exd5 8. exd5 a6 9. a4 Bd6 10. Be2 O-O 11. O-O Bf5 12. Nd2 Qc7 13. g3 Nbd7 14. Nc4 Nb6 15. Nxd6 Qd7 16. Bf3 Bg4 17. Bxg4 Nxg4 18. Qb3 Nc8 19. Nde4 c4 20. Qxc4 Nb6 21. Qd4 1-0